 Dungeon Crawl Stone Soup version 0.20.0-15-g7f486f2 (webtiles) character file.

11123 raph the Cleaver (level 11, -1/84 HPs)
             Began as a Hill Orc Monk on June 16, 2017.
             Was an Elder of the Shining One.
             Killed from afar by a raiju (8 damage)
             ... with a living lightning
             ... on level 1 of the Abyss on June 17, 2017.
             The game lasted 00:26:38 (8115 turns).

raph the Cleaver (Hill Orc Monk)                    Turns: 8115, Time: 00:26:40

Health: -1/84      AC: 17    Str: 16      XL:     11   Next: 72%
Magic:  13/16      EV: 10    Int:  7 (10) God:    the Shining One [****..]
Gold:   502        SH: 15    Dex: 15      Spells: 10/10 levels left

rFire    + + .     SeeInvis .   a - +4 war axe (freeze)
rCold    x . .     Gourm    .   y - +0 buckler
rNeg     + + .     Faith    .   A - +2 chain mail {rF+}
rPois    .         Spirit   .   (no helmet)
rElec    .         Reflect  .   F - +0 cloak (curse)
rCorr    .         Harm     .   i - +1 pair of gloves
MR       .....                  n - +0 pair of boots
Stlth    ..........             l - amulet of regeneration
Regen    0.7/turn               N - +2 ring of strength
MPRegen  0.2/turn               M - ring of fire

@: divine shield, glowing
A: weak 1
a: Divine Shield, Cleansing Flame, Renounce Religion


You were on level 1 of the Abyss.
You worshipped the Shining One.
The Shining One was greatly pleased with you.
You were very hungry.

You visited 2 branches of the dungeon, and saw 10 of its levels.
You visited the Abyss 1 time.

You collected 502 gold pieces.

Inventory:

Hand Weapons
 a - a +4 war axe of freezing (weapon)
 b - a +4 hand axe of flaming
 k - a +4 hand axe of electrocution
 m - a +1 hand axe
 K - a +0 war axe
Missiles
 t - 3 tomahawks (quivered)
 L - 2 silver tomahawks
Armour
 i - a +1 pair of gloves (worn)
 n - a +0 pair of boots (worn)
 y - a +0 buckler (worn)
 A - a +2 chain mail of fire resistance (worn)
 C - a +0 large shield
 F - a cursed +0 cloak (worn)
Magical Staves
 G - an uncursed staff of air
Jewellery
 j - an uncursed amulet of rage
 l - an amulet of regeneration (around neck)
 q - an uncursed ring of protection from cold
 w - an uncursed amulet of faith
 M - a ring of fire (right hand)
 N - a +2 ring of strength (left hand)
 P - a +4 ring of strength
Wands
 d - a wand of confusion (15/48)
 h - a wand of acid (1/15)
 r - a wand of disintegration (4/24)
 z - a wand of polymorph (2/24)
 D - a wand of confusion (39/48)
Scrolls
 e - 6 scrolls of identify
 g - 5 scrolls of teleportation
 v - 5 scrolls of remove curse
 H - a scroll of silence
Potions
 o - 3 potions of brilliance
 p - 2 potions of flight
 u - a potion of heal wounds
 x - a potion of ambrosia
 B - 9 potions of curing
 I - a potion of agility
 J - a potion of magic {unknown}
Books
 E - a book of Geomancy

   Spells                             Type                      Level
   a - Sandblast                      Earth                        1
   b - Passwall                       Transmutation/Earth          2
   c - Stone Arrow                    Conjuration/Earth            3
   d - Petrify                        Transmutation/Earth          4
   e - Lee's Rapid Deconstruction     Earth                        5
Comestibles
 c - 5 bread rations
 f - 11 meat rations
 s - 7 royal jellies
 O - 12 fruits


   Skills:
 - Level 4.1 Fighting
 * Level 14.9 Axes
 + Level 7.4 Armour
 + Level 7.1 Dodging
 - Level 1.5 Stealth
 + Level 7.6 Shields
 + Level 7.7 Invocations


You had 10 spell levels left.
You didn't know any spells.

Dungeon Overview and Level Annotations

Branches:
Dungeon (9/15)             Temple (1/1) D:4
   Lair: D:8-11         Orc: D:9-12

Altars:
Ashenzari
Cheibriados
Dithmenos
Elyvilon
Fedhas
Gozag
Hepliaklqana
Kikubaaqudgha
Makhleb
Nemelex Xobeh
Okawaru
Qazlal
Ru
Sif Muna
Trog
Uskayaw
Vehumet
Xom
Yredelemnul
Zin
The Shining One
Lugonu

Annotations:
D:9 Erolcha


Innate Abilities, Weirdness & Mutations

You are weak. (Str -2)


Message History

A large abomination comes into view.
Unknown command.
The raiju barely misses you.
The raiju bursts into living lightning!
The living lightning hits you!
The raiju blinks!
The raiju bursts into living lightning!
The living lightning hits you!
* * * LOW HITPOINT WARNING * * *
The raiju blinks!
You closely miss the raiju.
The raiju is severely wounded.
You hit the raiju. You freeze the raiju.
The raiju bites you but does no damage.
Your shield is strengthened by the Shining One's divine power.
You feel slightly more hungry. You block the raiju's attack.
The raiju bursts into living lightning!
The living lightning hits you!
* * * LOW HITPOINT WARNING * * *
The living lightning hits you!
You die...

# ##. ### #.# # ##
# ###.###.# . .#
.###.#..#..# .#.
#... #. .##.## #..
#h####..#.#h.#
#.h. ..#..##.#@h#
#.. . ##.#.X§...#
.##...#..#.##.#..#
h #..##..#.##### #
..#.# ##.# #...#X#
. ## # ...# # .#
#. .#.#..## #
..#..#


You could see a large abomination and 2 raiju.

Vanquished Creatures
  An orc warlord (D:7)
  A hydra (D:8)
  A shadow wraith (Abyss:1)
  A sixfirhy (Abyss:1)
  Joseph (D:8)
  A smoke demon (Abyss:1)
  An ancient zyme (Abyss:1)
  Prince Ribbit (D:5)
  2 dream sheep (D:8)
  A hippogriff (D:8)
  Sigmund (D:5)
  2 yaks (D:8)
  A neqoxec (Abyss:1)
  Menkaure (D:5)
  Edmund (D:5)
  14 wargs (D:7)
  3 water moccasins
  4 small abominations (Abyss:1)
  Duvessa (D:6)
  A sky beast (Abyss:1)
  5 orc warriors
  An ice beast (D:5)
  A necrophage (D:7)
  5 ogres
  4 centaurs
  3 big kobolds (D:8)
  3 bullfrogs
  Dowan (D:6)
  A scorpion (D:8)
  3 killer bees (D:8)
  A bullfrog zombie (D:6)
  3 hounds
  2 centaur zombies
  5 orc priests
  Crazy Yiuf (D:6)
  A centaur skeleton (D:8)
  6 orc wizards
  A gnoll shaman (D:5)
  3 iguanas
  6 worker ants
  10 gnolls
  2 worker ant zombies
  7 adders
  3 oozes
  3 adder skeletons
  3 worms
  2 dart slugs
  5 leopard geckos
  71 orcs
  3 ball pythons
  6 bats
  5 giant cockroaches
  7 goblins
  9 hobgoblins
  20 jackals
  6 quokkas
  8 frilled lizards
  8 kobolds
  A leopard gecko zombie (D:7)
  A quokka zombie (D:6)
  6 rats
  A plant (D:7)
283 creatures vanquished.

Vanquished Creatures (others)
  A lurking horror (Abyss:1)
  A plant (D:7)
2 creatures vanquished.

Grand Total: 285 creatures vanquished

Notes
Turn   | Place    | Note
-------+----------+-------------------------------------------
     0 | D:1      | raph the Hill Orc Monk began the quest for the Orb.
     0 | D:1      | Reached XP level 1. HP: 19/19 MP: 1/1
   179 | D:1      | Reached XP level 2. HP: 27/27 MP: 2/2
   226 | D:1      | Reached XP level 3. HP: 18/33 MP: 3/3
   992 | D:2      | Reached skill level 5 in Axes
  1210 | D:2      | Reached XP level 4. HP: 40/40 MP: 4/4
  1395 | D:2      | Found a shadowy altar of Dithmenos.
  1912 | D:3      | Found a snail-covered altar of Cheibriados.
  2056 | D:3      | Reached skill level 6 in Axes
  2056 | D:3      | Reached XP level 5. HP: 8/46 MP: 5/5
  2706 | D:3      | Reached skill level 7 in Axes
  2835 | D:3      | Found a burning altar of Makhleb.
  2838 | D:3      | Found a radiant altar of Vehumet.
  2839 | D:3      | Found a shimmering altar of Xom.
  2839 | D:3      | Found a snail-covered altar of Cheibriados.
  2839 | D:3      | Found a blossoming altar of Fedhas.
  2841 | D:3      | Found a sparkling altar of Nemelex Xobeh.
  2842 | D:3      | Found a deep blue altar of Sif Muna.
  2843 | D:3      | Found an iron altar of Okawaru.
  2908 | D:4      | Reached XP level 6. HP: 52/52 MP: 6/6
  3034 | D:4      | Reached skill level 8 in Axes
  3203 | D:4      | Found a staircase to the Ecumenical Temple.
  3291 | Temple   | Entered the Ecumenical Temple
  3338 | Temple   | Became a worshipper of the Shining One
  3338 | Temple   | Reached * piety under the Shining One
  3338 | Temple   | Reached ** piety under the Shining One
  3465 | D:4      | Reached XP level 7. HP: 54/59 MP: 7/7
  3990 | D:5      | Entered Level 5 of the Dungeon
  3992 | D:5      | Noticed Edmund
  4028 | D:5      | Killed Edmund
  4028 | D:5      | Reached skill level 9 in Axes
  4028 | D:5      | Reached skill level 1 in Armour
  4028 | D:5      | Reached skill level 1 in Shields
  4058 | D:5      | Noticed Menkaure
  4075 | D:5      | Killed Menkaure
  4157 | D:5      | Found a white marble altar of Elyvilon.
  4266 | D:5      | Reached XP level 8. HP: 48/66 MP: 8/8
  4288 | D:5      | Noticed Sigmund
  4324 | D:5      | Killed Sigmund
  4324 | D:5      | Reached skill level 10 in Axes
  4660 | D:5      | Noticed Prince Ribbit
  4689 | D:5      | Killed Prince Ribbit
  4689 | D:5      | Reached skill level 5 in Dodging
  4825 | D:5      | Reached skill level 1 in Invocations
  5128 | D:6      | Reached XP level 9. HP: 71/71 MP: 9/9
  5155 | D:6      | Noticed Dowan
  5164 | D:6      | Killed Dowan
  5164 | D:6      | Reached skill level 11 in Axes
  5165 | D:6      | Noticed Duvessa
  5176 | D:6      | Killed Duvessa
  5211 | D:6      | Found a runed door.
  5215 | D:6      | Noticed Crazy Yiuf
  5219 | D:6      | Killed Crazy Yiuf
  5319 | D:6      | Found a hide-covered altar of Uskayaw.
  5611 | D:6      | Found a bloodstained altar of Trog.
  5879 | D:7      | Reached skill level 5 in Shields
  5882 | D:7      | Reached skill level 12 in Axes
  5890 | D:7      | Reached skill level 5 in Armour
  5998 | D:7      | Noticed an orc warlord
  6000 | D:7      | Reached *** piety under the Shining One
  6012 | D:7      | Reached XP level 10. HP: 50/78 MP: 9/13
  6059 | D:7      | Killed an orc warlord
  6059 | D:7      | Reached skill level 5 in Invocations
  6062 | D:7      | Reached skill level 13 in Axes
  7230 | D:8      | Reached XP level 11. HP: 84/84 MP: 15/15
  7412 | D:8      | Noticed Joseph
  7424 | D:8      | Killed Joseph
  7424 | D:8      | Reached skill level 14 in Axes
  7441 | D:8      | Found an ancient bone altar of Kikubaaqudgha.
  7781 | D:8      | Noticed a two-headed hydra
  7788 | D:8      | Killed a one-headed hydra
  7826 | D:9      | Noticed Erolcha
  7836 | D:9      | Cast into level 1 of the Abyss (Erolcha)
  7878 | Abyss:1  | Noticed a sixfirhy
  7884 | Abyss:1  | Killed a sixfirhy
  7908 | Abyss:1  | Noticed a shadow wraith
  7912 | Abyss:1  | Gained mutation: You are weak. (Str -2) [a neqoxec]
  7921 | Abyss:1  | Killed a shadow wraith
  7921 | Abyss:1  | Reached **** piety under the Shining One
  7958 | Abyss:1  | Noticed a mana viper
  8033 | Abyss:1  | Noticed a worldbinder
  8036 | Abyss:1  | HP: 2/84 [yaktaur/bolt[a worldbinder] (7)]
  8044 | Abyss:1  | Noticed an ironheart preserver
  8108 | Abyss:1  | Noticed a large abomination
  8115 | Abyss:1  | Killed from afar by a raiju

Skill      XL: |  1  2  3  4  5  6  7  8  9 10 11 |
---------------+----------------------------------+-----
Fighting       | 4 |  4.1
Axes           | 5 6 7 8 9 10 12 13 14 | 14.9
Dodging        | 3 4 5 6 7 |  7.1
Armour         | 2 3 5 6 7 |  7.4
Shields        | 2 3 5 6 7 |  7.6
Invocations    | 1 4 6 7 |  7.7
Stealth        | |  1.5

Action                   |  1- 3 |  4- 6 |  7- 9 | 10-12 || total
-------------------------+-------+-------+-------+-------++-------
Melee: Hand axe          |   111 |   266 |   244 |    54 ||   675
       Unarmed           |       |       |     1 |       ||     1
       War axe           |       |       |       |   236 ||   236
Throw: Throwing net      |       |       |       |     1 ||     1
       Tomahawk          |       |       |       |     2 ||     2
Invok: Divine Shield     |       |       |     2 |     1 ||     3
Evoke: Wand              |       |       |       |     6 ||     6
  Use: Scroll            |       |    13 |     9 |     4 ||    26
       Potion            |       |     2 |     2 |     2 ||     6
 Stab: Sleeping          |     5 |     5 |       |       ||    10
  Eat: Chunk             |     1 |     7 |     9 |     6 ||    23
Armor: Robe              |    26 |    62 |     2 |       ||    90
       Chain mail        |       |       |    84 |   112 ||   196
Dodge: Dodged            |    70 |   185 |    79 |    87 ||   421
Block: Buckler           |       |       |    27 |    68 ||    95
